[Event "*** Titled Tuesday Blitz"]
[Site "Chess.com"]
[Date "2020.05.12"]
[Round "1"]
[White "Jenia84"]
[Black "AleksanderHnydiuk"]
[Result "0-1"]
[WhiteElo "2263"]
[BlackElo "2584"]
[TimeControl "180+1"]
[EndTime "10:06:37 PDT"]
[Termination "AleksanderHnydiuk won by resignation"]

1. Nf3 Nf6 2. d4 d5 3. c4 e6 4. Nc3 c5 5. cxd5 Nxd5 6. e4 Nxc3 7. bxc3 cxd4 8. cxd4 Bb4+ 9. Bd2 Bxd2+ 10. Qxd2 O-O 11. Bd3 Nc6 12. d5 exd5 13. exd5 Re8+ 14. Be2 Ne5 15. O-O Nxf3+ 16. Bxf3 Qd6 17. Rab1 b6 18. h3 Bf5 19.
Rbc1 Rad8 20. Qg5 Bd7 21. Rfe1 h6 22. Rxe8+ Rxe8 23. Qh4 a5 24. Qd4 b5 25. g3 b4 26.
Qc5 Qxc5 27. Rxc5 a4 28. Kg2 b3 29. axb3 axb3 30. Rc7 Bf5 31. Rb7 Bc2 32. d6 Rd8 33. d7 Kf8 34. g4 Ke7 35. Bc6 Kd6 36. Ba4 Be4+ 0-1

[Event "*** Titled Tuesday Blitz"]
[Site "Chess.com"]
[Date "2020.05.12"]
[Round "1"]
[White "arminmusovic"]
[Black "KingChess345"]
[Result "1-0"]
[WhiteElo "2552"]
[BlackElo "2210"]
[TimeControl "180+1"]
[EndTime "10:06:38 PDT"]
[Termination "arminmusovic won on time"]

1. a3 d5 2. Nc3 Nf6 3. d3 g6 4.
Bg5 Bg7 5. e4 dxe4 6. dxe4 O-O 7. f4 c5 8. Qxd8 Rxd8 9. e5 Nh5 10. Bxe7 Re8 11. Bxc5 Nxf4 12. O-O-O Nc6 13. Nb5 Bxe5 14. Nf3 Bf5 15. Nxe5 Rxe5 16. Bd6 Re4 17. Nc3 Rae8 18. Nxe4 Rxe4 19. Bxf4 Rxf4 20. g3 Rf2 21. Bd3 Nd4 22.
Bxf5 Nxf5 23. Rd2 Rf3 24. Re1 h5 25. Rd7 Rf2 26. Rd2 Rf3 27. b3 Kg7 28. a4 Kf6 29. a5 Kg5 30. Re4 Rf1+ 31. Kb2 Rh1 32. b4 h4 33. gxh4+ Nxh4 34. Rd7 f5 35. Re2 Kf4 36.
b5 g5 37. Rxb7 Kf3 38. Rd2 g4 39. b6 axb6 40. a6 1-0

[Event "*** Titled Tuesday Blitz"]
[Site "Chess.com"]
[Date "2020.05.12"]
[Round "1"]
[White "Al_Shima"]
[Black "VerdeNotte"]
[Result "0-1"]
[WhiteElo "2443"]
[BlackElo "2875"]
[TimeControl "180+1"]
[EndTime "10:06:40 PDT"]
[Termination "VerdeNotte won on time"]

1. b3 e5 2. Bb2 Nc6 3. e3 d5 4.
Bb5 Ne7 5. Bxe5 a6 6. Bxc6+ Nxc6 7. Bb2 Qg5 8. Qf3 Bd6 9. Nh3 Qg6 10. d3 Nb4 11. Na3 Bg4 12. Nf4 Qf5 13. Qg3 O-O-O 14. f3 Rhe8 15. Qxg4 Rxe3+ 16. Ne2 Qxg4 17. fxg4 Rde8 18. O-O Rxe2 19. Rxf7 Nxd3 20. Bd4 Ne5 21. Bxe5 R8xe5 22. h3 Bxa3 23. Rxg7 Rxc2 24. Kh2 Bd6 25. Kh1 Ree2 26. Rg1 Bc5 0-1

[Event "*** Titled Tuesday Blitz"]
[Site "Chess.com"]
[Date "2020.05.12"]
[Round "1"]
[White "lifeissofun"]
[Black "KuzubovYuriy"]
[Result "0-1"]
[WhiteElo "2341"]
[BlackElo "2669"]
[TimeControl "180+1"]
[EndTime "10:06:41 PDT"]
[Termination "KuzubovYuriy won by resignation"]

1. e4 c6 2. Nf3 d5 3. e5 Bg4 4. d4 e6 5. Be2 c5 6. c3 Nc6 7.
O-O cxd4 8. cxd4 Nge7 9. Nc3 Nf5 10. Be3 Be7 11. h3 Bh5 12. Rc1 O-O 13. a3 Rc8 14. Qd2 Na5 15. Rc2 Nc4 16. Bxc4 Rxc4 17.
Ne1 Bg6 18. Rc1 Qb6 19. Nf3 Nxe3 20. fxe3 Rfc8 21. Kh2 h6 22. Qf2 Qd8 23. Nd2 R4c6 24. Rcd1 Bxa3 25. Nxd5 Qxd5 26. bxa3 Rc2 27. e4 Qa2 28.
Qf4 Rd8 29. Ra1 Qb2 30. Rab1 Qxd4 31. Nf3 Qxe4 32. Qg3 b6 33. Nh4 Rd3 34. Nf3 Kh7 35. Rfe1 Qxf3 36. Qxf3 Rxf3 0-1

[Event "*** Titled Tuesday Blitz"]
[Site "Chess.com"]
[Date "2020.05.12"]
[Round "1"]
[White "CaspiIsrael"]
[Black "chenrip"]
[Result "1-0"]
[WhiteElo "2637"]
[BlackElo "2317"]
[TimeControl "180+1"]
[EndTime "10:06:41 PDT"]
[Termination "CaspiIsrael won on time"]

1. e4 e6 2. d4 d5 3. Nd2 Nf6 4. e5 Nfd7 5. Bd3 c5 6. c3 Nc6 7. Ngf3 cxd4 8. cxd4 f6 9. exf6 Qxf6 10. O-O Bd6 11. Nb3 O-O 12. Bg5 Qf7 13. Bh4 h6 14.
Bg3 Bf4 15. Re1 e5 16. dxe5 Ndxe5 17. Nxe5 Nxe5 18. Rxe5 Bxe5 19. Bxe5 Qxf2+ 20. Kh1 Bf5 21. Bd4 Qf4 22. Bxf5 Rxf5 23. h3 Re8 24. Qd3 b6 25. Rd1 Re4 26. a3 Rg5 27. Bg1 Qe5 28. Nd4 Rh4 29. Nf3 Qg3 30. Nxg5 1-0

[Event "*** Titled Tuesday Blitz"]
[Site "Chess.com"]
[Date "2020.05.12"]
[Round "1"]
[White "rasmussvane"]
[Black "heartofatiger"]
[Result "1-0"]
[WhiteElo "2909"]
[BlackElo "2451"]
[TimeControl "180+1"]
[EndTime "10:06:42 PDT"]
[Termination "rasmussvane won by resignation"]

1. Nf3 Nf6 2. g3 g6 3. Bg2 Bg7 4. O-O O-O 5. d4 d6 6. Re1 Nbd7 7. e4 e5 8. Nc3 Re8 9. a4 a5 10. h3 b6 11. Be3 Bb7 12. dxe5 dxe5 13. Nd2 Qe7 14.
Qe2 Nc5 15. Rad1 Rad8 16. Qc4 Bf8 17. Nd5 Nxd5 18. exd5 Qd7 19. Bg5 Rc8 20. b3 h6 21.
Be3 Kh8 22. Bxc5 Bxc5 23. Ne4 Be7 24. d6 Bd8 25. dxc7 Qxc7 26. Nd6 Qxc4 27. bxc4 Bxg2 28. Kxg2 Bc7 29. Nxe8 Rxe8 30. Rd7 Bb8 31. Rxf7 e4 32. Rf6 Kg7 33. Rxb6 1-0

[Event "*** Titled Tuesday Blitz"]
[Site "Chess.com"]
[Date "2020.05.12"]
[Round "1"]
[White "Mikhail_Biryukov"]
[Black "Yanidze"]
[Result "0-1"]
[WhiteElo "2653"]
[BlackElo "2360"]
[TimeControl "180+1"]
[EndTime "10:06:42 PDT"]
[Termination "Yanidze won by checkmate"]

1. e4 d6 2. Nc3 Nf6 3. d4 g6 4. h3 a6 5. Be3 b5 6. a3 Nbd7 7. g4 Bb7 8. Bg2 Nb6 9. b3 h5 10. g5 Nfd7 11. h4 Bg7 12. Nge2 Rc8 13. f4 c5 14. Qd2 Qc7 15. Rd1 O-O 16. d5 b4 17.
Nb1 bxa3 18. Nxa3 c4 19. O-O c3 20. Qe1 e6 21. dxe6 fxe6 22. Nd4 Rce8 23. Nb1 e5 24. fxe5 Rxf1+ 25. Kxf1 Nxe5 26. Nxc3 Ng4 27. Kg1 d5 28. Bf3 Qh2+ 29. Kf1 dxe4 30. Bxg4 hxg4 31. Rd2 Rf8+ 32. Rf2 g3 33. Rxf8+ Bxf8 34. Qd2 Qh1+ 35. Bg1 g2+ 36. Qxg2 Qxh4 37. Be3 Bb4 38. Nce2 Qe1# 0-1

[Event "*** Titled Tuesday Blitz"]
[Site "Chess.com"]
[Date "2020.05.12"]
[Round "1"]
[White "DenishevM"]
[Black "BabyFacedAssasin"]
[Result "1-0"]
[WhiteElo "2581"]
[BlackElo "2258"]
[TimeControl "180+1"]
[EndTime "10:06:42 PDT"]
[Termination "DenishevM won by resignation"]

1. d4 f5 2. c4 Nf6 3. Nc3 g6 4. h4 Bg7 5. h5 Nxh5 6. Rxh5 gxh5 7. e4 O-O 8. e5 c5 9. dxc5 Bxe5 10. Qd5+ Rf7 11. Qxe5 Nc6 12. Qg3+ Rg7 13. Qf3 d6 14.
cxd6 Qxd6 15. Qd5+ Be6 16. Qxd6 exd6 17. Bf4 Ne5 18.
b3 Rg4 19. g3 Ng6 20. Bxd6 h4 21. O-O-O hxg3 22. fxg3 Rc8 23. Nf3 a6 24. Nd4 Kf7 25.
Be2 Rg5 26. a4 h5 27. Rh1 Rd8 28. Nxe6 Kxe6 29. Bc7 Rd7 30. Bb8 Rd8 31. Bf4 Nxf4 32. gxf4 Rg3 33. Kc2 Rg2 34. Rxh5 Rdg8 35. Rh6+ R8g6 36.
Rxg6+ Rxg6 37. Bf3 Rg3 38. Bxb7 a5 39. c5 Rg2+ 40. Bxg2 1-0

[Event "*** Titled Tuesday Blitz"]
[Site "Chess.com"]
[Date "2020.05.12"]
[Round "1"]
[White "LyonBeast"]
[Black "Koalaskakistis"]
[Result "1-0"]
[WhiteElo "2899"]
[BlackElo "2447"]
[TimeControl "180+1"]
[EndTime "10:06:43 PDT"]
[Termination "LyonBeast won by resignation"]

1. e4 c5 2. Nf3 Nc6 3. Bb5 Nf6 4.
Qe2 a6 5. Bxc6 dxc6 6. d3 Qc7 7. Nbd2 e5 8. a4 a5 9. Nc4 Nd7 10. O-O Be7 11. Bd2 O-O 12. Bc3 f6 13. Nh4 Re8 14. Nf5 Nf8 15. Nxe7+ Rxe7 16. Qd2 b6 17. f4 exf4 18.
Qxf4 Qxf4 19. Rxf4 Rb8 20. Raf1 Be6 21. Ne3 Ng6 22.
R4f3 Rd8 23. b3 Bc8 24. Rg3 Be6 25. h4 Ne5 26. Bxe5 fxe5 27. Rg5 Bc8 28. Nc4 Rde8 29.
h5 h6 30. Rg6 Be6 31. Nxe5 Rc7 32. Nc4 Bf7 33. Rxf7 Kxf7 34. Nd6+ Kf8 35. Nxe8 Kxe8 36. Kf2 Rf7+ 37. Ke3 Kd7 38. g4 Kc7 39. c3 Kd7 40. d4 cxd4+ 41. cxd4 1-0

[Event "*** Titled Tuesday Blitz"]
[Site "Chess.com"]
[Date "2020.05.12"]
[Round "1"]
[White "ZEN-22"]
[Black "tigra"]
[Result "1-0"]
[WhiteElo "2435"]
[BlackElo "2790"]
[TimeControl "180+1"]
[EndTime "10:06:43 PDT"]
[Termination "ZEN-22 won by resignation"]

1. e4 c5 2. b4 cxb4 3. a3 e6 4. Nf3 Nc6 5. d4 bxa3 6. c3 d5 7.
e5 a2 8. Rxa2 Nge7 9. Na3 Nf5 10. Bd3 Be7 11. g4 Nh4 12. Nxh4 Bxh4 13. Nb5 O-O 14. g5 Bxg5 15. Rg1 Bxc1 16. Qxc1 f5 17. Qh6 Qe7 18. f4 Kh8 19. Qh3 Bd7 20. Rag2 Rg8 21. Nd6 Be8 22. Rg3 g6 23. Kd2 Rd8 24. Bb5 Rxd6 25.
exd6 Qxd6 26. Qh4 Qe7 27. Qh6 Qf8 28. Qh4 Rg7 29. Bxc6 Bxc6 30. Rxg6 Be8 31. Rxg7 Qxg7 32.
Rxg7 Kxg7 33. Qe7+ Bf7 34. Qd6 1-0

[Event "*** Titled Tuesday Blitz"]
[Site "Chess.com"]
[Date "2020.05.12"]
[Round "1"]
[White "Slovak_fighter2000"]
[Black "MarcoCorvi"]
[Result "1-0"]
[WhiteElo "2543"]
[BlackElo "2203"]
[TimeControl "180+1"]
[EndTime "10:06:44 PDT"]
[Termination "Slovak_fighter2000 won by resignation"]

1. d4 Nf6 2. Nf3 g6 3. c4 Bg7 4.
Nc3 d6 5. e4 O-O 6. Be2 c5 7.
d5 e6 8. O-O Re8 9. Bf4 exd5 10.
exd5 Ne4 11. Nxe4 Rxe4 12. Bg5 Qb6 13. Bd3 Re8 14. Re1 Rxe1+ 15. Qxe1 Bd7 16. Qe7 Bf8 17.
Qe2 Na6 18. a3 Re8 19. Qc2 Bg7 20. Rb1 Nc7 21. h3 a5 22. b3 Qa7 23. Be3 Qb8 24. b4 axb4 25. axb4 Qa7 26. bxc5 dxc5 27. Qb3 Bc8 28.
Nd2 Na6 29. Ne4 f5 30. Nd6 Rd8 31. Nb5 Qb6 32. Qa3 Qf6 33. Bxc5 Nxc5 34. Qxc5 f4 35. Na7 Bf5 36. Bxf5 Qxf5 37. Rxb7 f3 38. Qe7 Bd4 1-0

[Event "*** Titled Tuesday Blitz"]
[Site "Chess.com"]
[Date "2020.05.12"]
[Round "1"]
[White "NFork"]
[Black "Warre"]
[Result "0-1"]
[WhiteElo "1902"]
[BlackElo "2473"]
[TimeControl "180+1"]
[EndTime "10:06:44 PDT"]
[Termination "Warre won on time"]

1. c4 Nf6 2. g3 e6 3. Bg2 d5 4.
Nf3 Be7 5. O-O O-O 6. Qc2 dxc4 7.
Na3 c5 8. Ne5 Nd5 9. Naxc4 f6 10. Nf3 Nc6 11. a3 e5 12. d3 Be6 13. Bd2 Rc8 14.
Rfc1 Qd7 15. Qd1 Rfd8 16. Ne3 Nc7 17. Nc2 b6 18. b4 cxb4 19. Nxb4 Nxb4 20. Bxb4 Bxb4 21.
axb4 Nd5 22. Qd2 Rxc1+ 23. Rxc1 Qb5 24. Qa2 Qd7 25. Qa3 Qe7 26. Ra1 Rc8 27. h4 Rc7 28.
Nd2 Nxb4 29. Ne4 a5 30. Rb1 Qd7 31. Nc3 h6 32. Qb2 Kh7 33. Ne4 Rc2 0-1

[Event "*** Titled Tuesday Blitz"]
[Site "Chess.com"]
[Date "2020.05.12"]
[Round "1"]
[White "Glidzhian_Gor"]
[Black "luizwas"]
[Result "1-0"]
[WhiteElo "2466"]
[BlackElo "1720"]
[TimeControl "180+1"]
[EndTime "10:06:46 PDT"]
[Termination "Glidzhian_Gor won by checkmate"]

1. e4 e6 2. d4 d5 3. Nc3 Nf6 4. Bd3 dxe4 5. Nxe4 Nxe4 6. Bxe4 Bd6 7. Nf3 O-O 8. O-O Nd7 9. Bg5 Nf6 10. Bd3 h6 11. Bh4 b6 12. Re1 Bb7 13. c3 Be7 14. Bc2 Nd5 15.
Qd3 g6 16. Bg3 Kg7 17. Rxe6 f5 18. Ne5 Bf6 19. Nxg6 Rf7 20. Qxf5 Bg5 21. Be5+ Kg8 22.
Qd3 Nf4 23. Nxf4 Bxf4 24. Qg6+ Kf8 25. Bxf4 Qd5 26. Bxh6+ Rg7 27. Qxg7# 1-0

[Event "*** Titled Tuesday Blitz"]
[Site "Chess.com"]
[Date "2020.05.12"]
[Round "1"]
[White "Usurpov"]
[Black "GHANDEEVAM2003"]
[Result "0-1"]
[WhiteElo "2457"]
[BlackElo "2939"]
[TimeControl "180+1"]
[EndTime "10:06:47 PDT"]
[Termination "GHANDEEVAM2003 won on time"]

1. e4 e6 2. d4 d5 3. e5 c5 4. c3 Nc6 5. Nf3 Qb6 6. a3 c4 7. Nbd2 Na5 8. Rb1 Bd7 9. Be2 Ne7 10. b4 cxb3 11. Nxb3 Ba4 12. Nxa5 Qxa5 13. Qd2 Qc7 14.
O-O Rc8 15. Qf4 h6 16. Bd2 g5 17. Qg4 Bg7 18. h4 Bc2 19. Rbc1 Bf5 20. Qg3 g4 21. Ne1 Rg8 22. Nd3 Bf8 23. Nf4 Kd8 24. c4 dxc4 25.
Bxc4 Qd7 26. Nh5 Qa4 27. Bb4 Nc6 28. d5 Nxb4 29. axb4 Qxb4 30. Nf6 Rg6 31. Ba2 Rxc1 32. Rxc1 Qd2 33. Ra1 Qb2 34. Rd1 Qxa2 35. dxe6+ Ke7 36. Qc3 Kxe6 37. Qc4+ Qxc4 0-1

[Event "*** Titled Tuesday Blitz"]
[Site "Chess.com"]
[Date "2020.05.12"]
[Round "1"]
[White "DACF2905"]
[Black "Gennady_Kozlov"]
[Result "0-1"]
[WhiteElo "2282"]
[BlackElo "2597"]
[TimeControl "180+1"]
[EndTime "10:06:47 PDT"]
[Termination "Gennady_Kozlov won by resignation"]

1. d4 e6 2. c4 b6 3. Nf3 Bb7 4. Nc3 f5 5. g3 Nf6 6. Bg2 Be7 7. O-O Ne4 8. Qc2 Nxc3 9. Qxc3 Bf6 10. Bf4 O-O 11.
Rad1 d6 12. Qb3 Qe7 13. c5 Bd5 14. cxd6 cxd6 15. Qa3 Rd8 16. h4 Nc6 17. e3 Rac8 18.
Rc1 Be4 19. Nd2 Bxg2 20. Kxg2 e5 21. dxe5 dxe5 22. Qxe7 Nxe7 23. Rxc8 Nxc8 24. Bxe5 Bxe5 25. Nc4 Bf6 26. a4 Nd6 27. Na3 Ne4 28. b3 Rd3 29.
Nb5 a6 30. Nc7 a5 31. Rb1 Rd2 32. Rf1 Nxg3 33. Kxg3 Be5+ 34. Kf3 Bxc7 35. Rc1 Bd6 36.
Rc6 Bc5 37. h5 Kf7 38. Kg3 Rb2 39. Rc7+ Kf6 40. Kh4 Rxf2 41. Rc6+ Kf7 42. Kg5 Be7+ 0-1

[Event "*** Titled Tuesday Blitz"]
[Site "Chess.com"]
[Date "2020.05.12"]
[Round "1"]
[White "Mikhail_Golubev"]
[Black "mirochka"]
[Result "1-0"]
[WhiteElo "2510"]
[BlackElo "2130"]
[TimeControl "180+1"]
[EndTime "10:06:47 PDT"]
[Termination "Mikhail_Golubev won by resignation"]

1. e4 c5 2. Nf3 Nc6 3. Nc3 e6 4. d4 cxd4 5. Nxd4 Qc7 6. Be3 a6 7.
a3 Nf6 8. f4 Nxd4 9. Bxd4 Qxf4 10.
g3 Qg4 11. Be2 Qg6 12. e5 Nd5 13. Nxd5 exd5 14. O-O Be7 15. Bh5 Qc6 16. Bxf7+ Kd8 17. Bxd5 Qc7 18. b4 a5 19. Qd2 Ra6 20. b5 Rg6 21. b6 Rxb6 22. Bxb6 Qxb6+ 23. Kh1 Qc7 24. Rab1 b6 25. e6 Ba6 26. Rf7 Bb7 27. Bxb7 Qxb7+ 28. Qg2 Qc7 29. Qa8+ 1-0

[Event "*** Titled Tuesday Blitz"]
[Site "Chess.com"]
[Date "2020.05.12"]
[Round "1"]
[White "Nikithebest"]
[Black "Batica1984"]
[Result "0-1"]
[WhiteElo "2415"]
[BlackElo "2796"]
[TimeControl "180+1"]
[EndTime "10:06:48 PDT"]
[Termination "Batica1984 won by resignation"]

1. e4 c5 2. Nf3 e6 3. d3 Nc6 4. g3 g6 5. d4 cxd4 6. Nxd4 Bg7 7. Nb5 d5 8. exd5 exd5 9. Qxd5 Qe7+ 10. Be2 Bg4 11. f3 Rd8 12. Qe4 Qxe4 13. fxe4 Bxe2 14.
Kxe2 Nf6 15. N1c3 O-O 16. Be3 a6 17. Nc7 Nd4+ 18. Bxd4 Rxd4 19. Rad1 Rb4 20. b3 Rc8 21. N7d5 Nxd5 22. Nxd5 Rxe4+ 23. Kf3 Rce8 24. c4 Re2 25. a4 Rb2 26. Rd3 Ree2 27. Rf1 f5 28. Re3 Rxe3+ 29. Nxe3 Rxb3 30. Rd1 Bh6 31. Re1 Kf7 32. Kf2 Rxe3 33. Rxe3 Bxe3+ 34. Kxe3 Ke6 35. Kd4 Kd6 36. h4 a5 37. c5+ Kc6 38. Kc4 h6 39.
Kd4 g5 40. hxg5 hxg5 41. Kc4 f4 42. gxf4 gxf4 43. Kd4 f3 44. Ke3 Kxc5 45. Kxf3 Kb4 0-1

[Event "*** Titled Tuesday Blitz"]
[Site "Chess.com"]
[Date "2020.05.12"]
[Round "1"]
[White "tonyq11"]
[Black "Meri-Arabidze"]
[Result "0-1"]
[WhiteElo "2236"]
[BlackElo "2568"]
[TimeControl "180+1"]
[EndTime "10:06:48 PDT"]
[Termination "Meri-Arabidze won on time"]

1. d4 d5 2. c4 e6 3. Nc3 Nf6 4. Bf4 Nbd7 5. e3 c6 6. Nf3 Be7 7. Bd3 O-O 8. O-O Nh5 9. Bg3 Nxg3 10. hxg3 f5 11. cxd5 exd5 12. Rc1 Bd6 13. Qc2 Qf6 14. Nh4 Nb6 15. a4 a5 16. Qb3 Bb4 17. Nf3 Nd7 18.
Na2 Bd6 19. Qc2 g6 20. Rb1 Qe7 21. Rfe1 Nf6 22. b3 Ne4 23. Qb2 Ba3 24. Qc2 Bd6 25. Qb2 Re8 26. Re2 Be6 27. Qc1 Bf7 28. Reb2 g5 29. Rc2 Bg6 30. Nd2 g4 31. Nxe4 fxe4 32.
Be2 h5 33. Qd2 Rf8 34. Rcb2 Rf7 35. b4 axb4 36. Nxb4 Rxa4 37. Nc2 b5 38. Nb4 Bxb4 39. Rxb4 Ra8 40. Qc2 Rf6 41. R4b3 Raf8 42. Rf1 Be8 43. Rc3 Bd7 44. Rc5 Qh7 45. f4 gxf3 46. gxf3 Qg7 47.
Kf2 exf3 48. Bd3 Qg5 49. Rh1 R8f7 0-1

[Event "*** Titled Tuesday Blitz"]
[Site "Chess.com"]
[Date "2020.05.12"]
[Round "1"]
[White "1977Ivan"]
[Black "krasavetc"]
[Result "1-0"]
[WhiteElo "2648"]
[BlackElo "2326"]
[TimeControl "180+1"]
[EndTime "10:06:49 PDT"]
[Termination "1977Ivan won by resignation"]

1. e4 e6 2. Nf3 d5 3. e5 c5 4. c3 Nc6 5. Na3 Nge7 6. Nc2 Nf5 7. d4 cxd4 8. Ncxd4 Ncxd4 9. cxd4 Bb4+ 10. Bd2 Bxd2+ 11. Qxd2 O-O 12. Bd3 h6 13. h4 h5 14. Bxf5 exf5 15.
O-O Be6 16. Rfc1 Qe7 17. Rc5 b6 18. Rc6 Rac8 19. Rac1 Rxc6 20. Rxc6 Rc8 21. Qc3 Rxc6 22. Qxc6 g6 23. a3 Kg7 24. Kh2 Qd7 25. Qxd7 Bxd7 26. Kg3 f6 27. Kf4 Bb5 28. g3 Be2 29. Ne1 Kf7 30.
Nc2 Ke6 31. exf6 Kxf6 32. Ne3 Bc4 33. f3 b5 34. g4 hxg4 35. fxg4 fxg4 36. Nxg4+ Kg7 37.
Ke5 a5 38. Nf6 Kh6 39. Nxd5 Kh5 40. Nf4+ Kh6 41. d5 b4 42. axb4 axb4 43. d6 Bb5 44. Kf6 b3 45. Ke7 g5 46. hxg5+ Kxg5 47. Nd5 Kf5 48. Nc3 Bc6 49. d7 Bxd7 50. Kxd7 Ke5 51.
Kc6 Kd4 52. Kb5 Kd3 53. Kb4 Kc2 54. Na4 1-0

[Event "*** Titled Tuesday Blitz"]
[Site "Chess.com"]
[Date "2020.05.12"]
[Round "1"]
[White "Mouse-Sleep"]
[Black "AlanZhang"]
[Result "1-0"]
[WhiteElo "2517"]
[BlackElo "2160"]
[TimeControl "180+1"]
[EndTime "10:06:49 PDT"]
[Termination "Mouse-Sleep won by checkmate"]

1. Nf3 d5 2. d4 Nf6 3. c4 e6 4. Bg5 Be7 5. e3 O-O 6. Nc3 b6 7. Ne5 Bb7 8. cxd5 Nxd5 9. Bxe7 Nxe7 10. Bd3 Nd7 11. f4 Nxe5 12. fxe5 Bxg2 13. Rg1 Bb7 14. Qh5 Ng6 15. Rg3 Qe7 16. O-O-O c5 17. Rdg1 cxd4 18.
exd4 Rad8 19. Rh3 h6 20. Bxg6 fxg6 21. Qxg6 Kh8 22. Rg4 Rf7 23. a3 Kg8 24. Qxh6 Rf1+ 25. Kc2 Kf8 26. Qh8+ Kf7 27. Rxg7# 1-0

[Event "*** Titled Tuesday Blitz"]
[Site "Chess.com"]
[Date "2020.05.12"]
[Round "1"]
[White "Grineva_Marianna"]
[Black "SlovenskiZmaj"]
[Result "0-1"]
[WhiteElo "2107"]
[BlackElo "2508"]
[TimeControl "180+1"]
[EndTime "10:06:49 PDT"]
[Termination "SlovenskiZmaj won on time"]

1. d4 d6 2. c4 f5 3. Nc3 Nf6 4. Nf3 g6 5. g3 Bg7 6. Bg2 O-O 7. O-O c6 8. b3 Na6 9. Bb2 h6 10. Re1 g5 11. d5 e5 12. dxe6 Bxe6 13. Nd4 Bc8 14. Qd2 Qe7 15. Rad1 Nc5 16. Qc2 f4 17. b4 Na6 18. a3 fxg3 19. hxg3 Ng4 20. Bf3 Ne5 21. Ne4 Nc7 22. Bg2 d5 23. Nc5 Nxc4 24.
Bc1 Qe8 0-1

[Event "*** Titled Tuesday Blitz"]
[Site "Chess.com"]
[Date "2020.05.12"]
[Round "1"]
[White "northridgehawk"]
[Black "korbul"]
[Result "0-1"]
[WhiteElo "2234"]
[BlackElo "2568"]
[TimeControl "180+1"]
[EndTime "10:06:50 PDT"]
[Termination "korbul won on time"]

1. e4 c5 2. Nf3 e6 3. d4 cxd4 4.
Nxd4 Nf6 5. Nc3 d6 6. Be3 a6 7. h3 b5 8. g4 Bb7 9. Bg2 Qc7 10. g5 Nfd7 11. Qe2 Nb6 12. O-O N8d7 13. f4 g6 14. f5 gxf5 15. exf5 e5 16. Ne6 fxe6 17.
fxe6 Nc5 18. Rf7 Be7 19. Nxb5 axb5 20. Qxb5+ Nbd7 21. Bxb7 Qxb7 22. Qf1 Nxe6 23. Qf5 Ndf8 24. Rf1 O-O-O 25. Rd1 Rd7 26. Rd3 Qxb2 27. Bd2 Qb6+ 28. Kh2 Rc7 29. Rxf8+ Rxf8 30. Qxe6+ Kd8 31. Qxe5 Qf2+ 32.
Kh1 Qf1+ 33. Kh2 Qxd3 34. Qa5 Rf2+ 35. Kg1 Qxd2 36. Qa8+ Rc8 37. Qa5+ Qxa5 0-1

[Event "*** Titled Tuesday Blitz"]
[Site "Chess.com"]
[Date "2020.05.12"]
[Round "1"]
[White "damayito"]
[Black "karinachess1"]
[Result "0-1"]
[WhiteElo "1589"]
[BlackElo "2466"]
[TimeControl "180+1"]
[EndTime "10:06:50 PDT"]
[Termination "karinachess1 won by resignation"]

1. e4 c5 2. Nc3 Nc6 3. g3 g6 4. Bg2 Bg7 5. Nf3 e6 6. O-O Nge7 7. d3 d6 8. Bg5 h6 9. Bd2 O-O 10. Qc1 Kh7 11. Rb1 Rb8 12. a4 a6 13.
h3 b5 14. axb5 axb5 15. Nh2 Nd4 16. Re1 b4 17. Ne2 Nec6 18. Ng4 h5 19. Nh2 Nxe2+ 20.
Rxe2 Nd4 21. Re1 Ba6 22. Nf3 b3 23. Nxd4 cxd4 24. Bf1 Rc8 25. c3 Qb6 26. Qd1 dxc3 27. Bxc3 Bxc3 28. bxc3 Rxc3 29. Qd2 Qd4 30. Red1 Rfc8 31.
g4 hxg4 32. hxg4 Kg7 33. g5 Rc2 34. Qf4 b2 35. Qh4 Rc1 36. Qh6+ Kg8 37. Be2 Rxd1+ 38. Rxd1 Rc1 0-1

[Event "*** Titled Tuesday Blitz"]
[Site "Chess.com"]
[Date "2020.05.12"]
[Round "1"]
[White "Sethu0025"]
[Black "XiaoKangZhong"]
[Result "1-0"]
[WhiteElo "2766"]
[BlackElo "2404"]
[TimeControl "180+1"]
[EndTime "10:06:51 PDT"]
[Termination "Sethu0025 won by resignation"]

1. d4 Nf6 2. c4 g6 3. Nc3 d5 4. cxd5 Nxd5 5. e4 Nxc3 6. bxc3 Bg7 7. Be3 O-O 8. Qd2 c5 9. Nf3 Qa5 10. Rb1 cxd4 11. cxd4 Qxd2+ 12. Bxd2 Rd8 13. d5 Nd7 14. Bb4 e6 15. dxe6 fxe6 16. Bc4 Ne5 17. Nxe5 Bxe5 18. Ke2 Bd7 19. Rhd1 Kf7 20. Rbc1 Rac8 21. Rxd7+ Rxd7 22.
Bxe6+ Kxe6 23. Rxc8 Rd4 24. Bc3 Rxe4+ 25. Kd3 Rh4 26.
Re8+ Kd7 27. Rxe5 Rxh2 28. Rg5 Rh4 29. Kc2 Rc4 30. Kb3 Rc6 31. f4 Ke6 32. g4 Kf7 33. f5 gxf5 34. gxf5 Rc5 35. Rg7+ Kf8 36. f6 h5 37.
Rxb7 a5 38. a4 Rf5 39. Rh7 Ke8 40. Ra7 h4 41. Rh7 Rf4 42. Be5 Rf5 43. Bd4 Rf4 44. Kc4 Kf8 45. Kd5 Kg8 46. Rg7+ Kf8 47. Be5 Rxa4 48. Bd6+ Ke8 49. f7+ 1-0

[Event "*** Titled Tuesday Blitz"]
[Site "Chess.com"]
[Date "2020.05.12"]
[Round "1"]
[White "Kostya26"]
[Black "bancsoo"]
[Result "0-1"]
[WhiteElo "2398"]
[BlackElo "2752"]
[TimeControl "180+1"]
[EndTime "10:06:51 PDT"]
[Termination "bancsoo won by resignation"]

1. d4 d5 2. Nf3 Nf6 3. Bf4 c5 4. e3 Nc6 5. c3 e6 6. Bd3 Bd6 7. Bg3 O-O 8. Qe2 Qe7 9. Ne5 Nd7 10. f4 f6 11. Bxh7+ Kxh7 12. Qh5+ Kg8 13. Ng6 Qe8 14.
f5 Bxg3+ 15. hxg3 exf5 16. Nxf8 Qxh5 17. Rxh5 Nxf8 18. dxc5 a5 19. Nd2 Ne5 20. O-O-O Nd3+ 21. Kc2 Nxc5 22. Nf3 Be6 23. Nd4 Bd7 24. Nxf5 g6 25.
Nh6+ Kg7 26. Rhxd5 b6 27. b4 axb4 28. cxb4 Ba4+ 29.
Kb2 Bxd1 30. bxc5 Be2 31. Rd2 Bc4 32. Ng4 Rxa2+ 33. Kc3 Rxd2 34. Kxd2 bxc5 35. Kc3 Bd5 36. Nf2 Bxg2 37. Nd3 Nd7 0-1

[Event "*** Titled Tuesday Blitz"]
[Site "Chess.com"]
[Date "2020.05.12"]
[Round "1"]
[White "RianKapriaga"]
[Black "Aradej"]
[Result "1-0"]
[WhiteElo "2213"]
[BlackElo "2519"]
[TimeControl "180+1"]
[EndTime "10:06:51 PDT"]
[Termination "RianKapriaga won by resignation"]

1. d4 Nf6 2. Nf3 c5 3. e3 g6 4. Be2 Bg7 5. O-O O-O 6. c3 b6 7. Nbd2 Bb7 8. b3 d6 9. Bb2 Nbd7 10. Re1 Rc8 11. Rc1 Qc7 12. h3 Qb8 13. c4 cxd4 14.
Bxd4 Qa8 15. Bf1 Rfe8 16. Qc2 a6 17. Qb2 e5 18. Bc3 Nc5 19. Qa1 h6 20. Bb4 a5 21.
Bc3 Nfe4 22. Nxe4 Nxe4 23. Bb2 f5 24. Red1 Rcd8 25. Ba3 Kh7 26. Be2 Nc5 27. Bxc5 dxc5 28. Rxd8 Rxd8 29. Qb1 e4 30. Ne1 Rd2 31. Rc2 Qd8 32.
Kf1 Rd6 33. Rc1 h5 34. Rd1 Bc6 35. Rxd6 Qxd6 36. Qd1 Qe7 37. Bxh5 gxh5 38. Qxh5+ Kg8 39. Qxf5 Qd7 40. Qg6 Qe8 41. Qf5 Bd7 42. Qd5+ Qe6 43. Qb7 Kh7 44. a4 Qd6 45. Qxe4+ Kh8 46. Qh4+ Kg8 47.
Qd8+ Bf8 48. Qg5+ Bg7 49. h4 Be6 50. h5 Bf7 51. g4 Kf8 52. Qf5 Kg8 53. Qg5 Be6 54. h6 Bxc4+ 55. bxc4 Qxh6 56. Qxh6 Bxh6 57. f4 Bg7 58. Nf3 Kf7 59. Ke2 Ke6 60. Kd3 Kd6 61. Ke4 Ke6 62. g5 1-0

[Event "*** Titled Tuesday Blitz"]
[Site "Chess.com"]
[Date "2020.05.12"]
[Round "1"]
[White "MalakhovKirill"]
[Black "Islamovqaasim"]
[Result "1-0"]
[WhiteElo "2660"]
[BlackElo "2336"]
[TimeControl "180+1"]
[EndTime "10:06:52 PDT"]
[Termination "MalakhovKirill won by resignation"]

1. d4 Nf6 2. Nf3 e6 3. g3 b6 4. Bg2 Bb7 5. b3 c5 6. dxc5 Bxc5 7. c4 O-O 8. O-O h6 9. Bb2 d5 10. Ne5 Nbd7 11. Nd2 Nxe5 12. Bxe5 Ng4 13. Bb2 Qc7 14. cxd5 exd5 15. Nf3 Bd6 16. Rc1 Qe7 17. Qd4 Nf6 18.
Rfe1 Rac8 19. Ne5 Bxe5 20. Qxe5 Qxe5 21. Bxe5 Ne4 22. Bd4 Nc5 23. Red1 Ne6 24. Be5 f6 25. Bb2 Rxc1 26. Rxc1 Rd8 27. Rd1 Kf7 28. e3 Nc5 29. f3 Rd7 30. Kf2 f5 31. h4 g5 32. hxg5 hxg5 33. Bf1 Ke6 34. b4 Na4 35. Bd4 Bc6 36.
Bd3 Rh7 37. Kg2 Rc7 38. Rh1 Be8 39. Rh6+ Kf7 40. Rh7+ Ke6 41. Rxc7 1-0